 Dungeon Crawl Stone Soup version 0.28-a0-465-ge2dae52223 (webtiles) character file.

Game seed: 14355827517199232007

54 siradein the Shield-Bearer (level 4, -1/35 HPs)
             Began as a Human Fighter on Sept 14, 2021.
             Killed from afar by Natasha (2 damage)
             ... with a magic dart
             ... on level 2 of the Dungeon.
             The game lasted 00:03:51 (2033 turns).

siradein the Shield-Bearer (Human Fighter)          Turns: 2033, Time: 00:03:51

Health: -1/35      AC: 10    Str: 18    XL:     4   Next: 12%
Magic:  4/4        EV:  7    Int:  8    God:
Gold:   60         SH:  4    Dex: 12    Spells: 3/3 levels left

rFire   . . .      SeeInvis .   a - +0 long sword
rCold   . . .      Faith    .   c - +0 buckler
rNeg    + . .      Spirit   .   p - +0 chain mail
rPois   .          Reflect  .   (no helmet)
rElec   .          Harm     .   (no cloak)
rCorr   .          Rampage  .   (no gloves)
Will    .....                   r - +0 pair of boots
Stlth   ..........              (no amulet)
HPRegen 0.11/turn               m - ring of positive energy
MPRegen 0.09/turn               (no ring)

@: slowed, very slow
A: no striking features
a: no special abilities


You were on level 2 of the Dungeon.
You visited 1 branch of the dungeon, and saw 3 of its levels.

You collected 60 gold pieces.

Inventory:

Hand Weapons
 a - a +0 long sword (weapon)
Missiles
 l - 13 poisoned darts (quivered)
Armour
 c - a +0 buckler (worn)
 p - a +0 chain mail (worn)
 r - a +0 pair of boots (worn)
Jewellery
 b - a ring of wizardry
 m - a ring of positive energy (left hand)
Scrolls
 e - 2 scrolls of teleportation {unknown}
 f - a scroll of blinking {unknown}
 h - a scroll of vulnerability {unknown}
 i - a scroll of noise {unknown}
 k - a scroll of brand weapon {unknown}
 n - a scroll of summoning {unknown}
 q - a scroll of holy word {unknown}
Potions
 d - a potion of might
 g - a potion of mutation {unknown}
 j - 2 potions of attraction {unknown}
 o - a potion of lignification {unknown}


   Skills:
 + Level 3.4 Fighting
 + Level 2.6 Long Blades
 + Level 3.4 Armour
 + Level 3.5 Shields


You had 3 spell levels left.
You didn't know any spells.
Your spell library contained the following spells:

 Spells                   Type           Power      Damage    Failure   Level
 Dazzling Flash           Conj/Hex       0%         N/A       100%        3
 Agony                    Necr           0%         N/A       100%        5
 Silence                  Hex/Air        0%         N/A       100%        5


Dungeon Overview and Level Annotations

Branches:
Dungeon (3/15)

Altars:

Annotations:
D:2 Natasha
D:3 Ijyb


Message History

You barely miss Natasha.
Natasha is heavily wounded.
Natasha barely misses you. You block Natasha's attack.
You completely miss Natasha.
Natasha is heavily wounded.
Natasha claws you.
* * * LOW HITPOINT WARNING * * *
Natasha mumbles some strange words.
You hit Natasha but do no damage.
Natasha is heavily wounded.
Natasha claws you but does no damage. x2
You closely miss Natasha.
Natasha is heavily wounded.
Natasha barely misses you. x2
You completely miss Natasha.
Natasha is heavily wounded.
Natasha casts a spell.
Natasha claws you.
* * * LOW HITPOINT WARNING * * *
Your chain mail prevents you from hitting Natasha.
Natasha is heavily wounded.
Natasha mumbles some strange words.
You block the crimson imp's attack. Natasha claws you.
* * * LOW HITPOINT WARNING * * *
The crimson imp barely misses you.
You hit Natasha.
Natasha is severely wounded.
The crimson imp blinks!
Natasha wildly gestures.
You feel troubled. Natasha closely misses you.
You block the crimson imp's attack.
The crimson imp grinds its teeth.
Natasha barely misses you.
The crimson imp hits you but does no damage.
You hit Natasha.
Natasha is almost dead.
The crimson imp blinks!
Natasha stares at you and mumbles some strange words.
The magic dart hits you.
You die...

...##.##....#.##.#######.########
...##...........................#
.......#.......#5###.###.########
..###..######..#.# #.# #.#
#####.......#....# #.# #.#
............'.#..# #.# #.#
#####.......#.#.ยง# #.# #.#
............#.##5# #.# #.#
#####.......#.##@# #.# #.#
#.......#.##h# #.# #.#
#.......#.##5# #.# #.#
#..###.##.##.# #.# #.# #####..#
#.##.##.# #.# #.# .......#
#<##....# #.# #.# ####...#
#######.# #.# ### #...# #.# #.#
####..##########.###.#


You could see Natasha and 3 crimson imps.

Vanquished Creatures
  2 adders (D:2)
  2 dart slugs (D:1)
  3 bats
  3 endoplasms (D:1)
  3 giant cockroaches (D:1)
  4 goblins
  2 hobgoblins (D:1)
  A quokka (D:2)
  3 ball pythons (D:1)
  2 frilled lizards
  3 kobolds
  5 rats
33 creatures vanquished.

Vanquished Creatures (others)
  4 plants (D:1)
4 creatures vanquished.

Grand Total: 37 creatures vanquished

Notes
Turn   | Place    | Note
-------+----------+-------------------------------------------
     0 | D:1      | siradein the Human Fighter began the quest for the Orb.
     0 | D:1      | Reached XP level 1. HP: 18/18 MP: 1/1
    96 | D:1      | Reached XP level 2. HP: 24/24 MP: 2/2
   414 | D:1      | Reached XP level 3. HP: 26/29 MP: 3/3
  1682 | D:2      | Found a faded altar of an unknown god.
  1741 | D:2      | Reached XP level 4. HP: 35/35 MP: 4/4
  1908 | D:3      | Noticed Ijyb
  1913 | D:3      | Noticed Natasha
  2031 | D:2      | HP: 1/35 [Natasha (3)]
  2033 | D:2      | Killed from afar by Natasha

Illustrated notes

Levels and vault maps discovered:
D:1:      nzn_arrival_crosshair, layout_rooms, serial_forest,
          infiniplex_forest_clump_cross, infiniplex_forest_side_room,
          infiniplex_forest_straight_4, infiniplex_forest_lined_room_2,
          infiniplex_forest_zigzag_2, infiniplex_forest_clump_double,
          infiniplex_forest_lined_1, infiniplex_forest_zigzag_1,
          infiniplex_forest_lined_ring
D:2:      layout_basic, chequers_ecumenical_altar_island,
          palyth_stone_intersect, chequers_serial_rivers_room_a,
          kennysheep_nondescript
D:3:      layout_basic, chequers_serial_rivers_micro_d,
          hangedman_decor_peaks_small, nicolae_underground_beach, uniq_natasha,
          uniq_ijyb

Action                   |  1- 3 |  4- 6 || total
-------------------------+-------+-------++-------
Melee: Long sword        |   183 |    23 ||   206
Armor: Scale mail        |    34 |       ||    34
       Chain mail        |     3 |    16 ||    19
Dodge: Dodged            |    50 |    18 ||    68
Block: Buckler           |    17 |    11 ||    28

Table legend: (Time is in decaauts)
 A = Elapsed time spent in this place.
 B = Non-inter-level travel time spent in this place.
 C = Inter-level travel time spent in this place.
 D = Time resting spent in this place.
 E = Time spent auto-exploring this place.
 F = Levels seen in this place.
 G = Mean time per level.
                   A        B        C        D        E       F      G
               +--------+--------+--------+--------+--------+-----+--------+
         Total |   2116 |   2035 |     81 |     55 |   1478 |   3 |  705.3 |
       Dungeon |   2116 |   2035 |     81 |     55 |   1478 |   3 |  705.3 |
               +--------+--------+--------+--------+--------+-----+--------+

Top non-repeatable levels by time:
     D:1: 1038 daAuts
     D:2: 998 daAuts
     D:3: 80 daAuts
